 Dungeon Sprint DCSS version 0.28.0-43-g3370ac3207 (webtiles) character file.

Game seed: 9947527724285630137

4234 boopmooplesden the Severer (level 10, -11/108 HPs)
             Began as a Minotaur Berserker on Mar 6, 2022.
             Was a High Priest of Trog.
             Mangled by a deep troll (13 damage)
             ... in the Dungeon (Sprint II: "The Violet Keep of Menkaure").
             The game lasted 00:03:47 (1565 turns).

boopmooplesden the Severer (Minotaur Berserker)     Turns: 1565, Time: 00:03:48

Health: -11/108    AC: 20    Str: 24    XL:     10   Next: 9%
Magic:  9/9        EV: 13    Int:  4    God:    Trog [*****.]
Gold:   413        SH:  0    Dex: 12    Spells: 9/9 levels left

rFire   + + .      SeeInvis .   a - +1 hand axe (freeze)
rCold   x . .      Faith    .   (no shield)
rNeg    . . .      Spirit   .   i - +2 fire dragon scales
rPois   .          Reflect  .   (helmet restricted)
rElec   .          Harm     .   q - +2 cloak
rCorr   .          Rampage  .   A - +0 pair of gloves
Will    .....      NoTele   +   y - +0 pair of boots
Stlth   ..........              (no amulet)
HPRegen 0.28/turn               (no ring)
MPRegen 0.11/turn               (no ring)

@: on berserk cooldown, slowed, very slow
A: horns 2, retaliatory headbutt
a: Renounce Religion, Berserk, Trog's Hand, Brothers in Arms


You were in the Dungeon.
You worshipped Trog.
Trog was extremely pleased with you.
You visited 1 branch You collected 1205 gold pieces.
You spent 792 gold pieces at shops.

Inventory:

Hand Weapons
 a - a +1 hand axe of freezing (weapon)
 k - a +1 quarterstaff of flaming
Armour
 b - a +0 animal skin
 i - +2 fire dragon scales (worn)
 j - the +4 ring mail of the Elephant {rC+ Str+5 Dex-4}
   (You found it in the Dungeon)

   Str:       It affects your strength (+5).
   Dex:       It affects your dexterity (-4).
   rC:        It protects you from cold.
 q - a +2 cloak (worn)
 y - a +0 pair of boots (worn)
 A - a +0 pair of gloves (worn)
Jewellery
 l - a +4 ring of protection
 n - a ring of resist corrosion
Scrolls
 h - 2 scrolls of blinking
 u - a scroll of immolation
Potions
 c - 2 potions of curing
 d - a potion of heal wounds
 e - a potion of haste
 f - 6 potions of magic
 g - a potion of berserk rage
 o - 2 potions of ambrosia
 p - a potion of attraction {unknown}
 t - 2 potions of lignification
 v - 4 potions of flight
 w - a potion of brilliance {unknown}
 z - 3 potions of resistance


   Skills:
 + Level 16.4 Fighting
 + Level 18.0 Axes
 + Level 10.6 Armour
 + Level 9.6 Dodging
 + Level 2.3 Stealth


You had 9 spell levels left.
You didn't know any spells.
Your spell library was empty.

Dungeon Overview and Level Annotations

Branches:
Dungeon (1/1)

Altars:
Cheibriados
Dithmenos
Elyvilon
Fedhas
Gozag
Hepliaklqana
Kikubaaqudgha
Makhleb
Nemelex Xobeh
Okawaru
Qazlal
Ru
Sif Muna
Trog
Uskayaw
Vehumet
Wu Jian
Xom
Yredelemnul
Zin
The Shining One
Beogh
Jiyva
Lugonu

Shops:
D [!:[(*[==!:![!?

Annotations:
D exclusions: ice statue and oklob plant


Innate Abilities, Weirdness & Mutations

You have a pair of horns on your head.
You reflexively headbutt those who attack you in melee.


Message History

The deep troll bites you!
The deep troll claws you but does no damage.
The deep troll closely misses you.
You closely miss the deep troll. You headbutt the deep troll.
The deep troll is moderately wounded.
The deep troll bites you but does no damage.
The deep troll claws you! x2
You slash the deep troll! You freeze the deep troll.
You headbutt the deep troll, but do no damage.
The deep troll is heavily wounded.
The deep troll bites you.
* * * LOW HITPOINT WARNING * * *
The deep troll closely misses you.
The deep troll claws you but does no damage.
You hit the deep troll but do no damage.
The deep troll is heavily wounded.
You closely miss the deep troll.
The deep troll is heavily wounded.
The deep troll closely misses you. You furiously retaliate!
You headbutt the deep troll, but do no damage.
The deep troll claws you but does no damage.
The deep troll misses you.
You hit the deep troll but do no damage.
The deep troll is heavily wounded.
The deep troll barely misses you.
The deep troll claws you but does no damage. x2
You slash the deep troll! You freeze the deep troll.
The deep troll is severely wounded.
The deep troll bites you!
* * * LOW HITPOINT WARNING * * *
The deep troll claws you.
* * * LOW HITPOINT WARNING * * *
The deep troll barely misses you.
You hit the deep troll. You freeze the deep troll.
You headbutt the deep troll, but do no damage.
The deep troll is severely wounded.
The deep troll bites you!!
* * * LOW HITPOINT WARNING * * *
The deep troll claws you!
You die...

#.)#▓.[(.[...▓▓
##†#▓...(.:.[▓▓
..##▓▓▓▓▓▓▓'▓▓▓▓+▓
≈≈≈≈≈≈≈≈≈≈≈...≈≈§▓
+########'###.≈§≈▓
....._..#≈≈≈##§§≈▓
...._._.#≈≈§§####▓▓
..._._._#≈≈≈≈§##$$#
.._._._.#≈≈§§§§#@.#
._._._._#≈§§≈§§'T$+
_._._._.#≈§≈§§§#$.#
._._._._#≈§§§§§▓$$#
_._._...#§≈≈§▓▓▓▓▓▓
#########≈≈§≈▓z..
≈≈≈≈≈≈≈≈≈≈≈§≈▓z..
≈########≈▓▓▓▓▓▓▓
≈# #▓▓


You could see a deep troll.

Vanquished Creatures
  A kraken (D)
  A deep troll (D)
  A merfolk siren (D)
  A yaktaur (D)
  3 polar bears (D)
  A hornet (D)
  4 neqoxecs (D)
  Menkaure (D)
  3 water moccasins (D)
  4 necrophages (D)
  A scorpion (D)
  3 worms (D)
  3 tentacles (D)
27 creatures vanquished.

Vanquished Creatures (others)
  A water moccasin (D)
  20 tentacles (D)
21 creatures vanquished.

Grand Total: 48 creatures vanquished

Notes
Turn   | Place    | Note
-------+----------+-------------------------------------------
     0 | D        | boopmooplesden the Minotaur Berserker began the quest for
                  | the Orb.
     0 | D        | Reached XP level 1. HP: 19/19 MP: 0/0
     1 | D        | Noticed a necrophage
     1 | D        | Noticed a necrophage
     1 | D        | Noticed a necrophage
     1 | D        | Noticed a necrophage
     5 | D        | Killed a necrophage
     6 | D        | Reached skill level 7 in Axes
     6 | D        | Reached XP level 2. HP: 34/34 MP: 1/1
     6 | D        | Reached XP level 3. HP: 39/39 MP: 2/2
     6 | D        | Reached XP level 4. HP: 47/47 MP: 3/3
     7 | D        | Killed a necrophage
     8 | D        | Reached skill level 9 in Axes
     8 | D        | Reached XP level 5. HP: 56/56 MP: 4/4
    15 | D        | Killed a necrophage
    15 | D        | Reached ** piety under Trog
    16 | D        | Reached skill level 10 in Axes
    16 | D        | Reached skill level 5 in Armour
    16 | D        | Reached skill level 5 in Dodging
    17 | D        | Killed a necrophage
    18 | D        | Reached skill level 10 in Fighting
    18 | D        | Reached skill level 11 in Axes
    18 | D        | Reached XP level 6. HP: 66/66 MP: 5/5
    42 | D        | Noticed a merfolk siren
    54 | D        | Killed a merfolk siren
    54 | D        | Reached *** piety under Trog
    55 | D        | Reached skill level 12 in Axes
    55 | D        | Reached XP level 7. HP: 69/75 MP: 6/6
   178 | D        | Noticed a neqoxec
   178 | D        | Noticed a neqoxec
   178 | D        | Noticed a neqoxec
   178 | D        | Noticed a neqoxec
   186 | D        | Killed a neqoxec
   187 | D        | Reached skill level 13 in Axes
   190 | D        | Killed a neqoxec
   190 | D        | Reached **** piety under Trog
   192 | D        | Killed a neqoxec
   193 | D        | Reached skill level 14 in Axes
   193 | D        | Reached XP level 8. HP: 85/85 MP: 7/7
   204 | D        | Found Caih's Magic Scroll Shop.
   205 | D        | Found Busobrogu's Distillery.
   205 | D        | Found Jomez's Distillery.
   205 | D        | Found Qugorhou's Antique Armour Shop.
   205 | D        | Found Feddairch's Distillery.
   205 | D        | Found Mikiot's Book Boutique.
   205 | D        | Found Niuckana's Jewellery Shop.
   205 | D        | Found Pug Xoig's Jewellery Shop.
   206 | D        | Found Nemoelou's Armour Shop.
   206 | D        | Found Upeom's General Store.
   206 | D        | Noticed Menkaure
   206 | D        | Noticed a shining eye
   206 | D        | Noticed a shining eye
   219 | D        | Killed Menkaure
   219 | D        | Reached ***** piety under Trog
   221 | D        | Found Viaduod's Antique Weapon Shop.
   221 | D        | Found Haullaq's Antique Armour Boutique.
   221 | D        | Noticed a shining eye
   221 | D        | Noticed an oklob plant
   222 | D        | Found Tiguolli's Distillery.
   222 | D        | Found Tuwiq's Antique Armour Boutique.
   222 | D        | Found Xepuma's Book Shoppe.
   223 | D        | Noticed a hell hog
   223 | D        | Noticed a hell hog
   242 | D        | Bought +2 fire dragon scales for 792 gold pieces
   464 | D        | Identified the +4 ring mail of the Elephant {rC+ Str+5
                  | Dex-4}
   497 | D        | Found a blossoming altar of Fedhas.
   498 | D        | Found a white marble altar of Elyvilon.
   498 | D        | Found an opulent altar of Gozag.
   498 | D        | Found a burning altar of Makhleb.
   499 | D        | Found a shadowy altar of Dithmenos.
   499 | D        | Found a corrupted altar of Lugonu.
   500 | D        | Found a snail-covered altar of Cheibriados.
   500 | D        | Found an ancient bone altar of Kikubaaqudgha.
   500 | D        | Found a bloodstained altar of Trog.
   501 | D        | Found a viscous altar of Jiyva.
   501 | D        | Found a shimmering blue altar of Sif Muna.
   502 | D        | Found a hazy altar of Hepliaklqana.
   502 | D        | Found a sacrificial altar of Ru.
   503 | D        | Found a stormy altar of Qazlal.
   503 | D        | Found an ornate altar of the Wu Jian Council.
   503 | D        | Found a shimmering altar of Xom.
   503 | D        | Noticed a polar bear
   510 | D        | Killed a polar bear
   511 | D        | Reached skill level 15 in Axes
   511 | D        | Noticed a yaktaur
   511 | D        | Noticed a hornet
   511 | D        | Noticed a polar bear
   511 | D        | Noticed a polar bear
   515 | D        | Killed a polar bear
   516 | D        | Killed a hornet
   516 | D        | Received a gift from Trog
   517 | D        | Reached XP level 9. HP: 96/96 MP: 8/8
   520 | D        | Killed a yaktaur
   521 | D        | Reached skill level 16 in Axes
   523 | D        | Killed a polar bear
   524 | D        | Reached skill level 15 in Fighting
   524 | D        | Reached skill level 1 in Stealth
   548 | D        | Noticed a kraken
   584 | D        | Reached skill level 17 in Axes
   588 | D        | Found a glowing golden altar of the Shining One.
   588 | D        | Found a basalt altar of Yredelemnul.
   588 | D        | Found a hide-covered altar of Uskayaw.
   589 | D        | Found a glowing silver altar of Zin.
   589 | D        | Found a radiant altar of Vehumet.
   688 | D        | Found a sparkling altar of Nemelex Xobeh.
   689 | D        | Found an iron altar of Okawaru.
   696 | D        | Noticed an ice statue
  1477 | D        | Killed a kraken
  1478 | D        | Reached skill level 10 in Armour
  1544 | D        | Noticed a deep troll
  1544 | D        | Noticed a deep troll
  1553 | D        | Killed a deep troll
  1553 | D        | Received a gift from Trog
  1554 | D        | Reached skill level 18 in Axes
  1554 | D        | Reached XP level 10. HP: 108/108 MP: 9/9
  1565 | D        | HP: 2/108 [deep troll (18)]
  1565 | D        | Mangled by a deep troll

Illustrated notes

Levels and vault maps discovered:
D:        the_violet_keep_of_menkaure [sprint2_stairs_cluster_1,
          sprint2_shoproom, sprint2_temple, sprint2_basic_supplies,
          sprint2_obstacle_1, sprint2_obstacle_2, sprint2_obstacle_6,
          sprint2_obstacle_4, sprint2_obstacle_5, sprint2_timed_cluster_1,
          sprint2_smallroom_cluster_1, sprint2_smallroom_final_cluster_1,
          sprint2_transparent_cluster_1, sprint2_second_timed_cluster_1,
          sprint2_sniper_area_1, sprint2_heavy_combat_area_1,
          sprint2_mutation_trap_area_1, sprint2_forest_area_1,
          sprint2_light_combat_area_1, sprint2_behind_water_1,
          sprint2_near_end_vault_1]

Skill      XL: |  1  2  3  4  5  6  7  8  9 |
---------------+----------------------------+-----
Fighting       | 7 8 10 11 12 14 16 | 16.4
Axes           | 7 9 11 12 14 15 18 | 18.0
Armour         | 4 5 6 7 8 10 | 10.6
Dodging        | 3 4 5 6 8 9 |  9.6
Stealth        | 2 |  2.3

Action                   |  1- 3 |  4- 6 |  7- 9 | 10-12 || total
-------------------------+-------+-------+-------+-------++-------
Melee: Hand axe          |     3 |    23 |   114 |     8 ||   148
       Headbutt          |     1 |     4 |    25 |     3 ||    33
Invok: Berserk           |     1 |       |     4 |       ||     5
  Use: Scroll            |       |       |     8 |       ||     8
Armor: Ring mail         |       |       |    12 |       ||    12
       Fire dragon scale |       |       |     7 |     9 ||    16
Dodge: Dodged            |       |     6 |    53 |     7 ||    66
